 Dungeon Crawl Stone Soup version 0.23.2-1-ga50397a (webtiles) character file.

Game seed: 16212072602341787872

830 shadizar the Covered (level 7, -2/62 HPs)
             Began as a Minotaur Fighter on May 19, 2019.
             Was a Follower of Okawaru.
             Blown up by Pikel (19 damage)
             ... with a wand of disintegration (11)
             ... on level 5 of the Dungeon.
             The game lasted 00:05:29 (3599 turns).

shadizar the Covered (Minotaur Fighter)             Turns: 3599, Time: 00:05:30

Health: -2/62      AC:  7    Str: 23    XL:     7   Next: 65%
Magic:  6/6        EV:  9    Int:  5    God:    Okawaru [*.....]
Gold:   257        SH: 10    Dex:  9    Spells: 6/6 levels left

rFire    . . .     SeeInvis .   a - +0 war axe
rCold    . . .     Gourm    .   c - +0 shield
rNeg     . . .     Faith    .   b - +0 scale mail
rPois    .         Spirit   .   (helmet restricted)
rElec    .         Reflect  .   (no cloak)
rCorr    .         Harm     .   (no gloves)
MR       .....                  (no boots)
Stlth    ..........             (no amulet)
HPRegen  0.20/turn              (no ring)
MPRegen  0.10/turn              (no ring)

@: no status effects
A: retaliatory headbutt, horns 2
a: Heroism, Renounce Religion


You were on level 5 of the Dungeon.
You worshipped Okawaru.
Okawaru was aware of your devotion.
You were not hungry.

You visited 1 branch of the dungeon, and saw 5 of its levels.

You collected 257 gold pieces.

Inventory:

Hand Weapons
 a - a +0 war axe (weapon)
 v - a +0 war axe
Missiles
 x - 4 tomahawks (quivered)
Armour
 b - a +0 scale mail (worn)
 c - a +0 shield (worn)
 h - a +0 chain mail
Jewellery
 s - an uncursed ring of protection from magic
Scrolls
 e - 10 scrolls of identify {unknown}
 i - 4 scrolls of remove curse {unknown}
 j - a scroll of fear {unknown}
 m - a scroll of enchant armour {unknown}
 n - 2 scrolls of enchant weapon {unknown}
 o - a scroll of teleportation {unknown}
 u - 2 scrolls of immolation {unknown}
Potions
 d - 2 potions of might
 g - a potion of ambrosia {unknown}
 k - 2 potions of magic {unknown}
 l - 2 potions of lignification {unknown}
 p - 3 potions of flight {unknown}
 q - 3 potions of curing {unknown}
 r - 2 potions of agility {unknown}
 t - 3 potions of haste {unknown}
Comestibles
 f - 4 rations
 w - 2 chunks of flesh


   Skills:
 + Level 5.9 Fighting
 + Level 5.1 Axes
 + Level 5.9 Armour
 + Level 3.9 Dodging
 + Level 5.9 Shields


You had 6 spell levels left.
You didn't know any spells.
Your spell library contained the following spells:

 Spells                   Type           Power        Failure   Level  Hunger
 Beastly Appendage        Tmut           #.....       99%         1    ##.....
 Sticks to Snakes         Tmut           #.......     99%         2    ###....
 Spider Form              Tmut/Pois      #.........   100%        3    ####...
 Ice Form                 Ice/Tmut       #.......     100%        4    #####..
 Blade Hands              Tmut           #.........   100%        5    ######.


Dungeon Overview and Level Annotations

Branches:
Dungeon (5/15)
 Temple: D:4-7

Altars:
Ashenzari
Elyvilon
Makhleb
Okawaru
Wu Jian
Xom

Shops:
D:4 %   D:5 *

Annotations:
D:5 Pikel


Innate Abilities, Weirdness & Mutations

You reflexively headbutt those who attack you in melee.
You have a pair of horns on your head.


Message History

The slave barely misses you. You furiously retaliate!
You headbutt the slave. You barely miss the slave.
The slave is almost dead.
The slave hits you. You block the slave's attack.
Your scale mail prevents you from hitting the slave.
You headbutt the slave.
You kill the slave!
That felt strangely unrewarding.
You closely miss Pikel. Pikel hits you but does no damage.
Pikel hits you with a +0 whip of freezing.
* * * LOW HITPOINT WARNING * * *
Pikel freezes you.
* * * LOW HITPOINT WARNING * * *
You slash Pikel!
Pikel is moderately wounded.
Pikel closely misses you.
You hit Pikel. You headbutt Pikel.
Pikel is heavily wounded.
Pikel zaps a wand.
You are blasted!
You die...

..................## ####.
..##.........###...#####
...##........# ##>.....#
..##.....##..####..##....
#.##..#.####...#..## ###
#.....#...........##
..##.##......###.p.####..#
#.######..##.####Kp.......
..## ###......##@##.......
#..##.#...................
...............##.........
..........#.#..# .........
.........#####..#.........
.........## #............
..........## #............
##.......#.##...........
#...................


You could see Pikel and 2 slaves.

Vanquished Creatures
  A water moccasin (D:4)
  2 slaves (D:5)
  An ogre (D:4)
  A centaur (D:2)
  A scorpion (D:4)
  A hound (D:4)
  An orc priest (D:5)
  An iguana (D:4)
  4 orc wizards
  3 worker ants
  5 gnolls
  5 adders
  3 oozes
  An adder skeleton (D:4)
  An adder zombie (D:5)
  5 worms
  3 dart slugs
  8 leopard geckos
  14 orcs
  2 ball pythons
  8 bats
  6 giant cockroaches
  15 goblins
  7 hobgoblins
  3 jackals (D:1)
  2 quokkas (D:4)
  6 frilled lizards
  7 kobolds
  9 rats
126 creatures vanquished.

Notes
Turn   | Place    | Note
-------+----------+-------------------------------------------
     0 | D:1      | shadizar the Minotaur Fighter began the quest for the Orb.
     0 | D:1      | Reached XP level 1. HP: 19/19 MP: 0/0
    26 | D:1      | Reached XP level 2. HP: 12/27 MP: 1/1
   195 | D:1      | Reached skill level 1 in Dodging
   240 | D:1      | Reached XP level 3. HP: 21/33 MP: 2/2
  1030 | D:2      | Reached XP level 4. HP: 40/40 MP: 3/3
  1103 | D:2      | Noticed a centaur
  1109 | D:2      | Killed a centaur
  1109 | D:2      | Reached XP level 5. HP: 35/47 MP: 4/4
  1130 | D:2      | Found a shattered altar of Ashenzari.
  2014 | D:3      | Found a burning altar of Makhleb.
  2014 | D:3      | Noticed a cacodemon
  2017 | D:3      | Noticed a smoke demon
  2017 | D:3      | Noticed a neqoxec
  2031 | D:3      | Found a shimmering altar of Xom.
  2033 | D:3      | Found a shattered altar of Ashenzari.
  2033 | D:3      | Found a shadowy altar of Dithmenos.
  2035 | D:3      | Found a shadowy altar of Dithmenos.
  2035 | D:3      | Found a hazy altar of Hepliaklqana.
  2035 | D:3      | Found an ornate altar of the Wu Jian Council.
  2228 | D:4      | Reached XP level 6. HP: 55/55 MP: 5/5
  2242 | D:4      | Reached skill level 5 in Armour
  2255 | D:4      | Found an iron altar of Okawaru.
  2255 | D:4      | Found a white marble altar of Elyvilon.
  2256 | D:4      | Found an ornate altar of the Wu Jian Council.
  2294 | D:4      | Became a worshipper of Warmaster Okawaru
  2329 | D:4      | Reached skill level 5 in Fighting
  2329 | D:4      | Reached skill level 5 in Shields
  2389 | D:4      | Found Agireask's Food Shop.
  2445 | D:4      | Noticed a water moccasin
  2458 | D:4      | Killed a water moccasin
  2693 | D:4      | Reached * piety under Okawaru
  2693 | D:4      | Reached XP level 7. HP: 49/61 MP: 6/6
  3231 | D:5      | Entered Level 5 of the Dungeon
  3299 | D:5      | Reached skill level 5 in Axes
  3342 | D:5      | Found Gusm's Assorted Antiques.
  3553 | D:5      | Noticed Pikel
  3599 | D:5      | Blown up by Pikel

Skill      XL: |  1  2  3  4  5  6  7 |
---------------+----------------------+-----
Dodging        | 1 2 3 |  3.9
Armour         | 4 5 |  5.9
Fighting       | 4 5 |  5.9
Shields        | 4 5 |  5.9
Axes           | 3 4 5 |  5.1

Action                   |  1- 3 |  4- 6 |  7- 9 || total
-------------------------+-------+-------+-------++-------
Melee: War axe           |   107 |   198 |    77 ||   382
       Headbutt          |    14 |    28 |    14 ||    56
  Eat: Chunk             |       |     6 |     3 ||     9
Armor: Scale mail        |    57 |    77 |    21 ||   155
Dodge: Dodged            |    42 |    73 |    30 ||   145
Block: Shield            |    67 |   115 |    45 ||   227
